[ AOE2 MATCH · #479297586 ]
UnrankedBulgarians vs Berbers
[ REPLAY ANALYSIS · EXTRACTED FROM THE RECORDED GAME ]
Feudal
9:26
Castle
—
Imperial
—
| APM avg | 44.4 |
| APM peak | 76 |
| eAPM avg | 17.7 |
| Villagers / military | 29 / 7 |
Focus
⚔️ 31.0% · 🌾 69.0%
Militia ×7
Feudal
8:55
Castle
—
Imperial
—
| APM avg | 34.0 |
| APM peak | 46 |
| eAPM avg | 13.0 |
| Villagers / military | 22 / 0 |
Focus
⚔️ 33.6% · 🌾 66.4%
Feudal
—
Castle
—
Imperial
—
| APM avg | 53.3 |
| APM peak | 82 |
| eAPM avg | 22.9 |
| Villagers / military | 37 / 0 |
Focus
⚔️ 32.4% · 🌾 67.6%
Feudal
9:48
Castle
—
Imperial
—
| APM avg | 45.8 |
| APM peak | 73 |
| eAPM avg | 20.4 |
| Villagers / military | 31 / 1 |
Focus
⚔️ 41.1% · 🌾 58.9%
Spearman ×1
Feudal
10:09
Castle
—
Imperial
—
| APM avg | 52.3 |
| APM peak | 77 |
| eAPM avg | 17.6 |
| Villagers / military | 22 / 0 |
Focus
⚔️ 24.4% · 🌾 75.6%
Feudal
8:04
Castle
—
Imperial
—
| APM avg | 41.3 |
| APM peak | 68 |
| eAPM avg | 16.6 |
| Villagers / military | 25 / 0 |
Focus
⚔️ 39.9% · 🌾 60.1%
Feudal
—
Castle
—
Imperial
—
| APM avg | 35.5 |
| APM peak | 60 |
| eAPM avg | 18.3 |
| Villagers / military | 30 / 0 |
Focus
⚔️ 42.4% · 🌾 57.6%
Feudal
8:52
Castle
—
Imperial
—
| APM avg | 39.9 |
| APM peak | 65 |
| eAPM avg | 20.5 |
| Villagers / military | 27 / 5 |
Focus
⚔️ 45.1% · 🌾 54.9%
Militia ×5
Match map
Initial resources + every placement click. Lines = walls · curves = elevation contours. ◆ gold · ⬟ stone · ● berries · ✦ relic · ◌ wall gap
Your base
Fs.China's base
AquaGeto's base
letmebelieve's base
theMole's base· ✓ Closed at 11:03 · 0t walls · no gate
PUB | Fanjita's base
Lauta's base
YoungPanda's base
Smoothed initial terrain · ◌ = detected wall gap · hover for details
Inputs per minute
— ✩ Lancelot Knight ✩ - - Fs.China
Build order — ✩ Lancelot Knight ✩
51 actions detected in the replay
| 0:01 | Create | Villager (Male) |
| 0:01 | Create | Villager (Male) |
| 0:03 | Build | House |
| 0:05 | Build | House |
| 0:07 | Create | Villager (Male) |
| 0:08 | Create | Villager (Male) |
| 0:08 | Create | Villager (Male) |
| 1:35 | Create | Villager (Male) |
| 1:35 | Create | Villager (Male) |
| 1:57 | Build | Lumber Camp |
| 1:59 | Create | Villager (Male) |
| 1:59 | Create | Villager (Male) |
| 2:26 | Create | Villager (Male) |
| 2:26 | Create | Villager (Male) |
| 2:48 | Create | Villager (Male) |
| 2:48 | Create | Villager (Male) |
| 3:13 | Create | Villager (Male) |
| 3:14 | Create | Villager (Male) |
| 3:17 | Build | House |
| 3:46 | Create | Villager (Male) |
| 3:46 | Create | Villager (Male) |
| 4:07 | Create | Villager (Male) |
| 4:07 | Create | Villager (Male) |
| 4:23 | Create | Villager (Male) |
| 4:23 | Create | Villager (Male) |
| 4:47 | Build | Mill |
| 4:50 | Create | Villager (Male) |
| 4:50 | Create | Villager (Male) |
| 5:31 | Create | Villager (Male) |
| 6:14 | Create | Villager (Male) |
| 6:39 | Research | Loom |
| 7:16 | Research | Feudal Age |
| 8:17 | Build | House |
| 8:19 | Build | Barracks |
| 8:27 | Build | Mining Camp |
| 8:32 | Build | Mining Camp |
| 9:07 | Create | Militia |
| 9:07 | Create | Militia |
| 9:14 | Build | Barracks |
| 9:26 | Age | Feudal Age |
| 9:29 | Create | Villager (Male) |
| 9:34 | Create | Militia |
| 9:53 | Create | Villager (Male) |
| 10:13 | Create | Militia |
| 10:14 | Create | Militia |
| 10:17 | Build | House |
| 10:30 | Create | Militia |
| 10:30 | Create | Villager (Male) |
| 10:35 | Build | Blacksmith |
| 10:58 | Create | Militia |
| 10:58 | Create | Villager (Male) |
Build order — Fs.China
35 actions detected in the replay
| 0:01 | Create | Villager (Male) |
| 0:01 | Create | Villager (Male) |
| 0:02 | Create | Villager (Male) |
| 0:02 | Create | Villager (Male) |
| 0:03 | Build | House |
| 0:05 | Build | House |
| 1:33 | Create | Villager (Male) |
| 2:07 | Create | Villager (Male) |
| 2:08 | Build | Lumber Camp |
| 2:29 | Create | Villager (Male) |
| 2:56 | Create | Villager (Male) |
| 3:20 | Create | Villager (Male) |
| 3:21 | Create | Villager (Male) |
| 3:54 | Build | House |
| 4:10 | Create | Villager (Male) |
| 4:36 | Create | Villager (Male) |
| 4:50 | Build | Mill |
| 4:57 | Create | Villager (Male) |
| 4:58 | Create | Villager (Male) |
| 5:52 | Create | Villager (Male) |
| 6:10 | Research | Loom |
| 6:45 | Research | Feudal Age |
| 8:55 | Age | Feudal Age |
| 8:56 | Create | Villager (Male) |
| 9:01 | Build | Town Center |
| 9:06 | Research | Double-Bit Axe |
| 9:16 | Build | House |
| 9:26 | Create | Villager (Male) |
| 9:58 | Build | House |
| 10:01 | Create | Villager (Male) |
| 10:27 | Create | Villager (Male) |
| 10:55 | Create | Villager (Male) |
| 11:02 | Create | Villager (Male) |
| 11:03 | Create | Villager (Male) |
| 11:06 | Research | Horse Collar |
Build order — AquaGeto
53 actions detected in the replay
| 0:01 | Create | Villager (Male) |
| 0:01 | Create | Villager (Male) |
| 0:01 | Create | Villager (Male) |
| 0:02 | Build | House |
| 0:04 | Build | House |
| 0:06 | Create | Villager (Male) |
| 1:23 | Create | Villager (Male) |
| 1:44 | Build | Lumber Camp |
| 1:59 | Create | Villager (Male) |
| 2:17 | Create | Villager (Male) |
| 2:17 | Create | Villager (Male) |
| 2:45 | Create | Villager (Male) |
| 3:19 | Create | Villager (Male) |
| 3:39 | Create | Villager (Male) |
| 3:51 | Build | House |
| 4:11 | Create | Villager (Male) |
| 4:14 | Create | Villager (Male) |
| 4:35 | Build | House |
| 4:57 | Build | House |
| 4:59 | Create | Villager (Male) |
| 5:03 | Create | Villager (Male) |
| 5:40 | Create | Villager (Male) |
| 5:54 | Create | Villager (Male) |
| 5:54 | Create | Villager (Male) |
| 6:01 | Create | Villager (Male) |
| 6:06 | Create | Villager (Male) |
| 6:09 | Create | Villager (Male) |
| 6:09 | Create | Villager (Male) |
| 6:20 | Build | Mill |
| 7:13 | Build | Mining Camp |
| 7:30 | Create | Villager (Male) |
| 7:30 | Create | Villager (Male) |
| 7:41 | Create | Villager (Male) |
| 7:42 | Create | Villager (Male) |
| 7:42 | Create | Villager (Male) |
| 7:42 | Create | Villager (Male) |
| 7:55 | Build | Farm |
| 7:56 | Create | Villager (Male) |
| 7:56 | Create | Villager (Male) |
| 7:58 | Build | Farm |
| 8:00 | Build | Farm |
| 8:14 | Create | Villager (Male) |
| 8:48 | Create | Villager (Male) |
| 8:51 | Build | Mining Camp |
| 8:53 | Create | Villager (Male) |
| 8:54 | Create | Villager (Male) |
| 9:24 | Build | Farm |
| 9:25 | Build | Farm |
| 9:34 | Create | Villager (Male) |
| 9:39 | Research | Feudal Age |
| 10:37 | Build | House |
| 11:17 | Create | Villager (Male) |
| 11:17 | Create | Villager (Male) |
Build order — letmebelieve
50 actions detected in the replay
| 0:01 | Create | Villager (Male) |
| 0:02 | Create | Villager (Male) |
| 0:02 | Create | Villager (Male) |
| 0:03 | Build | House |
| 0:05 | Build | House |
| 0:07 | Create | Villager (Male) |
| 0:08 | Create | Villager (Male) |
| 1:18 | Create | Villager (Male) |
| 1:18 | Create | Villager (Male) |
| 2:04 | Create | Villager (Male) |
| 2:04 | Create | Villager (Male) |
| 2:22 | Build | Settlement |
| 2:25 | Create | Villager (Male) |
| 2:44 | Create | Villager (Male) |
| 2:44 | Create | Villager (Male) |
| 3:15 | Create | Villager (Male) |
| 3:15 | Create | Villager (Male) |
| 3:25 | Create | Villager (Male) |
| 3:45 | Create | Villager (Male) |
| 3:45 | Create | Villager (Male) |
| 4:10 | Create | Villager (Male) |
| 4:11 | Create | Villager (Male) |
| 4:51 | Create | Villager (Male) |
| 4:51 | Create | Villager (Male) |
| 5:20 | Create | Villager (Male) |
| 5:52 | Create | Villager (Male) |
| 6:09 | Create | Villager (Male) |
| 6:24 | Build | Settlement |
| 6:39 | Create | Villager (Male) |
| 7:38 | Research | Feudal Age |
| 7:39 | Research | Feudal Age |
| 8:11 | Build | Barracks |
| 8:32 | Build | Palisade Wall |
| 9:04 | Create | Villager (Male) |
| 9:09 | Build | Palisade Wall |
| 9:11 | Build | Palisade Wall |
| 9:13 | Build | Palisade Wall |
| 9:14 | Build | Palisade Wall |
| 9:15 | Build | Palisade Wall |
| 9:18 | Build | Palisade Wall |
| 9:20 | Build | Palisade Wall |
| 9:48 | Age | Feudal Age |
| 9:50 | Create | Villager (Male) |
| 9:53 | Research | Loom |
| 10:06 | Create | Villager (Male) |
| 10:14 | Build | House |
| 10:23 | Create | Villager (Male) |
| 10:47 | Create | Spearman |
| 11:12 | Create | Villager (Male) |
| 11:23 | Create | Villager (Male) |
Build order — theMole
39 actions detected in the replay
| 0:01 | Create | Villager (Male) |
| 0:01 | Create | Villager (Male) |
| 0:02 | Create | Villager (Male) |
| 0:02 | Build | House |
| 0:03 | Build | House |
| 0:04 | Create | Villager (Male) |
| 1:24 | Create | Villager (Male) |
| 1:54 | Build | Lumber Camp |
| 1:59 | Create | Villager (Male) |
| 2:19 | Create | Villager (Male) |
| 2:39 | Create | Villager (Male) |
| 2:39 | Create | Villager (Male) |
| 3:15 | Create | Villager (Male) |
| 3:18 | Create | Villager (Male) |
| 3:47 | Create | Villager (Male) |
| 3:54 | Build | House |
| 3:56 | Build | House |
| 4:10 | Build | Mill |
| 4:11 | Create | Villager (Male) |
| 4:17 | Create | Villager (Male) |
| 4:57 | Create | Villager (Male) |
| 5:27 | Create | Villager (Male) |
| 5:51 | Create | Villager (Male) |
| 5:54 | Create | Villager (Male) |
| 6:55 | Create | Villager (Male) |
| 6:55 | Create | Villager (Male) |
| 7:43 | Build | Mining Camp |
| 7:59 | Research | Feudal Age |
| 8:33 | Create | Villager (Male) |
| 8:33 | Create | Villager (Male) |
| 10:09 | Age | Feudal Age |
| 10:11 | Build | Blacksmith |
| 10:13 | Build | Market |
| 10:50 | Research | Double-Bit Axe |
| 11:03 | Research | Castle Age |
| 11:03 | Research | Castle Age |
| 11:45 | Build | Farm |
| 11:46 | Build | Farm |
| 11:48 | Build | Farm |
Build order — PUB | Fanjita
43 actions detected in the replay
| 0:01 | Create | Villager (Male) |
| 0:03 | Build | House |
| 0:04 | Build | House |
| 0:07 | Create | Villager (Male) |
| 0:07 | Create | Villager (Male) |
| 0:18 | Create | Villager (Male) |
| 1:33 | Create | Villager (Male) |
| 2:02 | Create | Villager (Male) |
| 2:13 | Build | Lumber Camp |
| 2:17 | Create | Villager (Male) |
| 2:17 | Create | Villager (Male) |
| 2:30 | Create | Villager (Male) |
| 2:53 | Create | Villager (Male) |
| 3:23 | Create | Villager (Male) |
| 3:23 | Create | Villager (Male) |
| 3:41 | Create | Villager (Male) |
| 3:41 | Create | Villager (Male) |
| 3:48 | Build | House |
| 4:12 | Create | Villager (Male) |
| 4:25 | Create | Villager (Male) |
| 4:49 | Build | Mining Camp |
| 5:31 | Create | Villager (Male) |
| 5:54 | Research | Feudal Age |
| 5:54 | Research | Feudal Age |
| 6:35 | Research | Loom |
| 6:35 | Research | Loom |
| 7:20 | Create | Villager (Male) |
| 7:27 | Build | House |
| 8:04 | Age | Feudal Age |
| 8:22 | Create | Villager (Male) |
| 8:53 | Create | Villager (Male) |
| 9:40 | Build | Stone Wall |
| 9:48 | Build | Gate |
| 9:49 | Create | Villager (Male) |
| 9:55 | Build | Stone Wall |
| 10:01 | Build | Stone Wall |
| 10:07 | Create | Villager (Male) |
| 10:41 | Create | Villager (Male) |
| 10:46 | Build | Mill |
| 11:00 | Create | Villager (Male) |
| 11:11 | Create | Villager (Male) |
| 11:29 | Build | Lumber Camp |
| 11:35 | Build | House |
Build order — Lauta
50 actions detected in the replay
| 0:01 | Create | Villager (Male) |
| 0:02 | Build | House |
| 0:03 | Build | House |
| 0:08 | Create | Villager (Male) |
| 0:19 | Create | Villager (Male) |
| 0:19 | Create | Villager (Male) |
| 1:28 | Create | Villager (Male) |
| 1:29 | Create | Villager (Male) |
| 1:44 | Build | Lumber Camp |
| 2:02 | Create | Villager (Male) |
| 2:02 | Create | Villager (Male) |
| 2:14 | Create | Villager (Male) |
| 2:14 | Create | Villager (Male) |
| 2:51 | Create | Villager (Male) |
| 2:51 | Create | Villager (Male) |
| 3:13 | Create | Villager (Male) |
| 3:13 | Create | Villager (Male) |
| 3:40 | Create | Villager (Male) |
| 3:58 | Create | Villager (Male) |
| 3:58 | Create | Villager (Male) |
| 4:04 | Build | House |
| 4:09 | Build | House |
| 4:09 | Build | House |
| 4:19 | Create | Villager (Male) |
| 4:24 | Build | Mill |
| 4:31 | Create | Villager (Male) |
| 4:58 | Create | Villager (Male) |
| 5:00 | Create | Villager (Male) |
| 5:01 | Create | Villager (Male) |
| 5:27 | Create | Villager (Male) |
| 5:42 | Create | Villager (Male) |
| 5:44 | Build | Farm |
| 5:58 | Build | Farm |
| 6:04 | Create | Villager (Male) |
| 6:32 | Create | Villager (Male) |
| 6:52 | Create | Villager (Male) |
| 7:08 | Create | Villager (Male) |
| 7:29 | Build | Farm |
| 7:38 | Create | Villager (Male) |
| 7:49 | Create | Villager (Male) |
| 9:24 | Research | Feudal Age |
| 9:26 | Build | Mining Camp |
| 10:21 | Research | Loom |
| 10:24 | Build | Palisade Wall |
| 10:31 | Build | House |
| 10:37 | Build | Palisade Wall |
| 10:39 | Build | Palisade Wall |
| 10:41 | Build | Palisade Wall |
| 10:42 | Build | Palisade Wall |
| 10:44 | Build | Palisade Wall |
Build order — YoungPanda
56 actions detected in the replay
| 0:01 | Create | Villager (Male) |
| 0:01 | Create | Villager (Male) |
| 0:01 | Create | Villager (Male) |
| 0:02 | Build | House |
| 0:06 | Build | House |
| 0:13 | Create | Villager (Male) |
| 1:31 | Create | Villager (Male) |
| 1:50 | Build | Lumber Camp |
| 2:01 | Create | Villager (Male) |
| 2:01 | Create | Villager (Male) |
| 2:16 | Create | Villager (Male) |
| 2:42 | Create | Villager (Male) |
| 3:10 | Create | Villager (Male) |
| 3:28 | Build | House |
| 3:31 | Create | Villager (Male) |
| 3:33 | Create | Villager (Male) |
| 4:05 | Create | Villager (Male) |
| 4:19 | Build | Mill |
| 4:51 | Create | Villager (Male) |
| 4:53 | Create | Villager (Male) |
| 5:43 | Create | Villager (Male) |
| 5:50 | Build | Barracks |
| 5:59 | Create | Villager (Male) |
| 6:22 | Build | House |
| 6:42 | Research | Feudal Age |
| 7:05 | Build | Palisade Wall |
| 7:06 | Build | Palisade Wall |
| 7:14 | Create | Militia |
| 7:15 | Create | Militia |
| 7:50 | Build | House |
| 7:57 | Create | Militia |
| 8:12 | Create | Militia |
| 8:15 | Create | Militia |
| 8:26 | Build | Mining Camp |
| 8:34 | Create | Villager (Male) |
| 8:52 | Age | Feudal Age |
| 8:55 | Research | Man-at-Arms (upgrade) |
| 9:11 | Create | Villager (Male) |
| 9:38 | Create | Villager (Male) |
| 9:43 | Research | Double-Bit Axe |
| 9:45 | Build | Lumber Camp |
| 10:03 | Create | Villager (Male) |
| 10:20 | Create | Villager (Male) |
| 10:30 | Create | Villager (Male) |
| 10:36 | Build | House |
| 10:39 | Build | House |
| 10:48 | Build | House |
| 10:49 | Build | House |
| 10:54 | Create | Villager (Male) |
| 10:58 | Create | Villager (Male) |
| 11:03 | Create | Villager (Male) |
| 11:22 | Research | Horse Collar |
| 11:31 | Build | Farm |
| 11:33 | Build | Farm |
| 11:46 | Create | Villager (Male) |
| 11:51 | Build | Farm |
Match timeline
| 5:50 | YoungPanda · first_building Barracks |
| 7:05 | YoungPanda · wall_segment Palisade Wall x1 |
| 7:06 | YoungPanda · wall_segment Palisade Wall x1 |
| 8:04 | PUB | Fanjita · age_up feudal |
| 8:11 | letmebelieve · first_building Barracks |
| 8:19 | ✩ Lancelot Knight ✩ · first_building Barracks |
| 8:32 | letmebelieve · wall_segment Palisade Wall x15 |
| 8:52 | YoungPanda · age_up feudal |
| 8:55 | Fs.China · age_up feudal |
| 9:09 | letmebelieve · wall_segment Palisade Wall x1 |
| 9:11 | letmebelieve · wall_segment Palisade Wall x1 |
| 9:13 | letmebelieve · wall_segment Palisade Wall x1 |
| 9:14 | letmebelieve · wall_segment Palisade Wall x1 |
| 9:15 | letmebelieve · wall_segment Palisade Wall x1 |
| 9:18 | letmebelieve · wall_segment Palisade Wall x1 |
| 9:20 | letmebelieve · wall_segment Palisade Wall x1 |
| 9:26 | ✩ Lancelot Knight ✩ · age_up feudal |
| 9:40 | PUB | Fanjita · wall_segment Stone Wall x18 |
| 9:48 | letmebelieve · age_up feudal |
| 9:55 | PUB | Fanjita · wall_segment Stone Wall x1 |
| 10:01 | PUB | Fanjita · wall_segment Stone Wall x12 |
| 10:09 | theMole · age_up feudal |
| 10:24 | Lauta · wall_segment Palisade Wall x1 |
| 10:37 | Lauta · wall_segment Palisade Wall x1 |
| 10:39 | Lauta · wall_segment Palisade Wall x1 |
| 10:41 | Lauta · wall_segment Palisade Wall x1 |
| 10:42 | Lauta · wall_segment Palisade Wall x1 |
| 10:44 | Lauta · wall_segment Palisade Wall x1 |
| 11:08 | Lauta · resign |
[ AI ANALYSIS · 1 CREDIT ]
What really happened in this match?
Wolo.gg analyzes every decision: build order, eco, micro, common mistakes by bracket. Personalized analysis on WhatsApp or Discord in 30 seconds.
Civ guide
Bulgarians
Perfil
Jugador #22925539